 Dungeon Crawl Stone Soup version 0.30-a0-758-gc2c871d025 (webtiles) character file.

Game seed: 7745699313135785477

106 DEFE the Charlatan (level 4, -1/37 HPs)
             Began as a Demonspawn Wanderer on Feb 10, 2023.
             Splashed by a jelly's acid (7 damage)
             ... on level 3 of the Dungeon.
             The game lasted 00:01:55 (2305 turns).

DEFE the Charlatan (Demonspawn Wanderer)            Turns: 2305, Time: 00:01:56

Health: -1/37      AC: -4    Str: 16    XL:     4   Next: 55%
Magic:  0/1        EV: 11    Int: 12    God:
Gold:   62         SH:  5    Dex: 12    Spells: 4/5 levels left

rFire   . . .      SeeInvis .    f - +1 whip (antimagic)
rCold   . . .      Faith    .    (no shield)
rNeg    . . .      Spirit   +    d - +0 leather armour
rPois   .          Reflect  +    (no helmet)
rElec   .          Harm     .    (no cloak)
rCorr   .          Rampage  .    (no gloves)
Will    .....                    (no boots)
Stlth   +                        q - amulet of reflection
HPRegen 0.26/turn                l - +4 ring of protection
MPRegen 0.14/turn                (no ring)

@: corroded, attractive
A: magic shield, magic regeneration, weakness stinger 1
a: no special abilities


You were on level 3 of the Dungeon.
You visited 1 branch of the dungeon, and saw 3 of its levels.

You collected 90 gold pieces.
You spent 28 gold pieces at shops.

Inventory:

Hand Weapons
 a - a +0 club
 f - a +1 antimagic whip (weapon)
 p - a +2 dagger of speed
Armour
 d - a +0 leather armour (worn)
Jewellery
 l - a +4 ring of protection (left hand)
 q - an amulet of reflection (around neck)
 r - the ring of Kongef {Will+ rCorr MP+9 Dex+3}
   (You found it on level 2 of the Dungeon)

   [ring of resist corrosion]

   Dex:       It affects your dexterity (+3).
   MP:        It affects your magic capacity (+9).
   rCorr:     It protects you from acid and corrosion.
   Will:      It increases your willpower.
Scrolls
 c - a scroll of fog
 g - 2 scrolls of amnesia
 j - a scroll of teleportation
 k - a scroll of vulnerability
 n - 2 scrolls of enchant armour
 o - a scroll of blinking
Potions
 b - 2 potions of curing
 h - a potion of attraction
 i - a potion of degeneration {unknown}
 m - a potion of heal wounds {unknown}


   Skills:
 - Level 3.7 Fighting
 - Level 1.0 Armour
 - Level 1.0 Dodging
 + Level 1.6 Unarmed Combat
 - Level 1.0 Spellcasting
 - Level 2.1 Necromancy
 - Level 5.0 Evocations


You had 4 spell levels left.
You knew the following spells:

 Your Spells              Type           Power      Damage    Failure   Level
a - Necrotise             Necr           20%        1d5       16%         1

Your spell library contained the following spells:

 Spells                   Type           Power      Damage    Failure   Level
 Sting                    Tmut/Pois      0%         1d3       36%         1
 Vampiric Draining        Necr           5%         2d6       41%         3
 Poisonous Vapours        Pois/Air       0%         N/A       50%         2
 Ignite Poison            Fire/Tmut/Pois 0%         N/A       73%         3
 Kindle Blastsparks       Fire/Tloc/Air  0%         2d10      73%         3
 Ozocubu's Armour         Ice            0%         N/A       73%         3
 Olgreb's Toxic Radiance  Pois           0%         N/A       98%         4
 Freezing Cloud           Conj/Ice/Air   0%         6-21      100%        5
 Metabolic Englaciation   Hex/Ice        0%         N/A       100%        5
 Simulacrum               Ice/Necr       1%         N/A       100%        6


Dungeon Overview and Level Annotations

Branches:
Dungeon (3/15)

Altars:

Shops:
D:2 ?

Annotations:
D:3 2 transporters, Olga's ghost, amateur HuFi


Innate Abilities, Weirdness & Mutations

When hurt, damage is shared between your health and your magic reserves.
You regenerate magic rapidly.
You have a small tail.


Message History

Things that are here:
a +0 spear; a gnoll corpse
There is an open door here.
You open the door.
There is an open door here.
As you open the door, it creaks loudly!
There is an open door here.
You open the door.
There is an open door here.
You open the door.
There is an open door here.
Found a stone staircase leading up.
A jelly comes into view.
The jelly quivers.
The jelly hits you but does no damage.
You hit the jelly. The acid corrodes you!
Your hands burn!
You block the jelly's attack.
You take 2 damage, and have 35/37 hp.
You hit the jelly.
Your hands burn!
The jelly closely misses you.
You take 2 damage, and have 33/37 hp.
You hit the jelly.
Your hands burn!
The jelly hits you.
You are splashed with acid.
You take 9 damage, and have 24/37 hp.
MASSIVE DAMAGE!!
You now have 0/1 mp.
Unknown command.
You aren't carrying any items that you can evoke.
Unknown command.
Okay, then.
You hit the jelly.
Your hands burn!
The jelly closely misses you. The jelly hits you. The acid corrodes you!
You are splashed with acid!
* * * LOW HITPOINT WARNING * * *
You take 16 damage, and have 8/37 hp.
MASSIVE DAMAGE!!
It was a potion of attraction.
You feel attractive to monsters. The jelly hits you.
* * * LOW HITPOINT WARNING * * *
The acid corrodes you!
You are splashed with acid!
You die...

#.........#
#.........# .
.#.#####.#'###+###
. .........#.# .
##.#######.###.# #
#...........# .
#.#####.##### .
#.####### .
#@....... .
#.J........ .
#.####<##.. # #.
.# # #


You could see a jelly.

Vanquished Creatures
  5 gnolls
  2 adders (D:2)
  3 dart slugs
  5 ball pythons
  4 endoplasms
  3 hobgoblins
  4 jackals
  2 quokkas
  A bat (D:2)
  4 goblins
  4 kobolds
37 creatures vanquished.

Notes
Turn   | Place    | Note
-------+----------+-------------------------------------------
     0 | D:1      | DEFE the Demonspawn Wanderer began the quest for the Orb.
     0 | D:1      | DEFE set off with the following items: a +0 club, a potion
                  | of curing, a scroll of fog, a +0 leather armour, a wand of
                  | acid (3); and the following spell memorised: Necrotise; and
                  | the following spells available to memorise: Vampiric
                  | Draining.
     0 | D:1      | Reached XP level 1. HP: 13/13 MP: 2/2
    95 | D:1      | Reached skill level 1 in Fighting
   138 | D:1      | Gained mutation: You regenerate magic rapidly. [demonic
                  | ancestry]
   138 | D:1      | Reached XP level 2. HP: 10/22 MP: 0/3
   624 | D:1      | Gained mutation: When hurt, damage is shared between your
                  | health and your magic reserves. [demonic ancestry]
   624 | D:1      | Reached XP level 3. HP: 26/28 MP: 1/4
  1353 | D:2      | Identified the ring of Kongef {Will+ rCorr MP+9 Dex+3}
  1372 | D:2      | Found Wohaub's Magic Scroll Shoppe.
  1390 | D:2      | Bought a scroll of identify for 28 gold pieces
  1419 | D:2      | Discovered your monstrous ancestry.
  1419 | D:2      | Gained mutation: You have a small tail. [demonic ancestry]
  1419 | D:2      | Reached XP level 4. HP: 37/37 MP: 1/5
  2072 | D:3      | Found a transporter.
  2073 | D:3      | Noticed Olga's ghost (amateur HuFi)
  2077 | D:3      | Identified the +7 giant club of Rolla {drain, rF+++}
  2077 | D:3      | Noticed an ogre
  2079 | D:3      | Found a transporter.
  2182 | D:3      | Reached skill level 1 in Unarmed Combat
  2305 | D:3      | Splashed by a jelly's acid

Illustrated notes

Levels and vault maps discovered:
D:1:      saegor_arrival_simple_c, layout_basic
D:2:      layout_basic, serial_shops, shop, minmay_pentomino_t4
D:3:      layout_basic, gammafunk_ghost_smash, chequers_serial_rivers_micro_e

Skill      XL: |  1  2  3  4 |
---------------+-------------+-----
Fighting       | 2 3 |  3.7
Unarmed Combat | 1 |  1.6
Armour         | |  1.0
Dodging        | |  1.0
Spellcasting   | |  1.0
Necromancy     | |  2.1
Evocations     | |  5.0

Action                     |  1- 3 |  4- 6 || total
---------------------------+-------+-------++-------
  Melee: Club              |    15 |       ||    15
         Whip              |    77 |    33 ||   110
         Tailslap          |       |     3 ||     3
  Evoke: Wand              |     2 |     1 ||     3
    Use: Scroll            |     4 |     1 ||     5
         Potion            |       |     1 ||     1
   Stab: Sleeping          |     1 |       ||     1
 Armour: Leather armour    |    21 |     8 ||    29
  Dodge: Dodged            |    55 |    10 ||    65
  Block: Other             |     2 |    10 ||    12

Table legend: (Time is in decaauts)
 A = Elapsed time spent in this place.
 B = Non-inter-level travel time spent in this place.
 C = Inter-level travel time spent in this place.
 D = Time resting spent in this place.
 E = Time spent auto-exploring this place.
 F = Levels seen in this place.
 G = Mean time per level.
                   A        B        C        D        E       F      G
               +--------+--------+--------+--------+--------+-----+--------+
         Total |   2319 |   2293 |     26 |    350 |   1621 |   3 |  773.0 |
       Dungeon |   2319 |   2293 |     26 |    350 |   1621 |   3 |  773.0 |
               +--------+--------+--------+--------+--------+-----+--------+

Top non-repeatable levels by time:
     D:1: 1061 daAuts
     D:2: 867 daAuts
     D:3: 390 daAuts
